 Dungeon Crawl Stone Soup version 0.29.0-5-ge4962eb29e (webtiles) character file.

Game seed: 7958555824171320820

3796 themarg the Prestidigitator (level 10, -6/79 HPs)
             Began as a Gnoll Wanderer on Aug 28, 2022.
             Was a Believer of Qazlal.
             Killed by divine providence
             ... invoked by an orc priest
              (16 damage)
             ... on level 8 of the Dungeon.
             The game lasted 00:31:49 (11239 turns).

themarg the Prestidigitator (Gnoll Wanderer)       Turns: 11239, Time: 00:31:50

Health: -6/79      AC: 10    Str: 13    XL:     10   Next: 16%
Magic:  18/19      EV: 12    Int: 13    God:    Qazlal [**....]
Gold:   434        SH:  3    Dex: 13    Spells: 20/21 levels left

rFire   + + .      SeeInvis .   r - +7 great mace "Firestarter" {inner flame, rF++}
rCold   . . .      Faith    .   (shield currently unavailable)
rNeg    . . .      Spirit   .   z - +0 ring mail
rPois   .          Reflect  .   (no helmet)
rElec   .          Harm     .   o - +1 cloak
rCorr   .          Rampage  .   D - +1 pair of gloves
Will    .....                   (no boots)
Stlth   ++........              (no amulet)
HPRegen 0.23/turn               a - +4 ring of slaying
MPRegen 0.16/turn               (no ring)

@: about to teleport
A: fangs 1, strong nose, distributed training
a: Renounce Religion, Upheaval


You were on level 8 of the Dungeon.
You worshipped Qazlal.
Qazlal was pleased with you.
You visited 1 branch of the dungeon, and saw 8 of its levels.

You collected 434 gold pieces.

Inventory:

Hand Weapons
 n - the +5 mace of Starshine {drain, *Noise Will+ Str+4}
   (You found it on level 2 of the Dungeon)

   A truly terrible weapon, it drains the life of any living foe it strikes.
   Str:       It affects your strength (+4).
   *Noise:    It may make noises in combat.
   Will:      It increases your willpower.
 r - the +7 great mace "Firestarter" (weapon) {inner flame, rF++}
   (You found it on level 2 of the Dungeon)

   It burns those it strikes, dealing additional fire damage.
   It fills those it strikes with an explosive inner flame.
   It grants immunity to clouds of flame.
   rF:        It greatly protects you from fire.
 x - the +8 trident of Umnigh {freeze, Str+5}
   (You found it on level 3 of the Dungeon)

   It freezes those it strikes, dealing additional cold damage.
   It can also slow down cold-blooded creatures.
   Str:       It affects your strength (+5).
Missiles
 s - 11 poisoned darts
 E - 2 boomerangs of dispersal
 M - a curare-tipped dart
Armour
 d - a +0 robe
 h - a +1 helmet
 o - a +1 cloak (worn)
 z - a +0 ring mail (worn)
 D - a +1 pair of gloves (worn)
 H - a +0 troll leather armour
Jewellery
 a - a +4 ring of slaying (left hand)
 i - a ring of fire
 y - a ring of magical power
 I - a +4 ring of protection
 J - a ring of fire
Wands
 v - a wand of quicksilver (18)
 G - a wand of roots (9)
 K - a wand of flame (20)
Scrolls
 f - 6 scrolls of immolation
 j - a scroll of torment {unknown}
 k - 4 scrolls of teleportation
 l - a scroll of brand weapon {unknown}
 w - a scroll of enchant weapon
 C - a scroll of vulnerability {unknown}
 F - 2 scrolls of fear
 P - a scroll of amnesia {unknown}
Potions
 c - 2 potions of invisibility
 e - 2 potions of resistance
 g - a potion of cancellation {unknown}
 m - 2 potions of heal wounds {unknown}
 p - 2 potions of degeneration {unknown}
 q - 3 potions of curing
 t - 3 potions of brilliance
 u - 2 potions of berserk rage
 A - a potion of attraction {unknown}
 B - 4 potions of mutation
 N - a potion of haste {unknown}
Miscellaneous
 b - a piece from Xom's chessboard (15/15)


   Skills:
 + Level 7.0 Fighting
 + Level 5.2 Short Blades
 + Level 5.2 Long Blades
 + Level 5.2 Axes
 + Level 5.2 Maces & Flails
 + Level 7.0 Polearms
 + Level 5.2 Staves
 + Level 5.2 Ranged Weapons
 + Level 5.2 Throwing
 + Level 5.2 Armour
 + Level 5.2 Dodging
 + Level 5.2 Stealth
 + Level 5.2 Shields
 + Level 5.2 Unarmed Combat
 + Level 6.0 Spellcasting
 + Level 4.3 Conjurations
 + Level 5.8 Hexes
 + Level 4.3 Summonings
 + Level 4.3 Necromancy
 + Level 4.3 Translocations
 + Level 4.3 Transmutations
 + Level 4.3 Fire Magic
 + Level 4.3 Ice Magic
 + Level 4.3 Air Magic
 + Level 4.3 Earth Magic
 + Level 4.3 Poison Magic
 + Level 5.7 Invocations
 + Level 8.4 Evocations


You had 20 spell levels left.
You knew the following spells:

 Your Spells              Type           Power      Damage    Failure   Level
a - Slow                  Hex            76%        N/A       3%          1

Your spell library contained the following spells:

 Spells                   Type           Power      Damage    Failure   Level
 Foxfire                  Conj/Fire      60%        2x1d7     6%          1
 Necrotise                Necr           60%        1d7       6%          1
 Sandblast                Erth           30%        2d9       6%          1
 Passwall                 Tmut/Erth      12%        N/A       9%          2
 Inner Flame              Hex/Fire       17%        N/A       13%         3
 Portal Projectile        Hex/Tloc       34%        N/A       13%         3
 Conjure Flame            Conj/Fire      15%        6-21      17%         3
 Ignite Poison            Fire/Tmut/Pois 15%        N/A       17%         3
 Mephitic Cloud           Conj/Pois/Air  15%        N/A       17%         3
 Stone Arrow              Conj/Erth      30%        3d8       17%         3
 Vampiric Draining        Necr           15%        2d7       17%         3
 Anguish                  Hex/Necr       8%         N/A       38%         4
 Flame Wave               Conj/Fire      15%        2d7       50%         4
 Agony                    Necr           15%        N/A       85%         5
 Freezing Cloud           Conj/Ice/Air   7%         6-21      85%         5


Dungeon Overview and Level Annotations

Branches:
Dungeon (8/15)             Temple (0/1) D:7
   Lair: D:8-11

Altars:
Gozag
Kikubaaqudgha
Qazlal

Shops:
D:2 [!*

Annotations:
D:5 3 runed translucent doors, 0HN0ES's ghost, novice GnGl


Innate Abilities, Weirdness & Mutations

You have very sharp teeth.
Your uncanny sense of smell can sniff out nearby items.
Your experience applies equally to all skills.


Message History

The orc wizard barely misses you.
An orc priest opens the door.
You barely miss the orc warrior.
The orc warrior is almost dead.
The orc priest shouts!
The orc priest mumbles some strange prayers to Beogh against you.
Pain shoots through your body!
The orc wizard hits you but does no damage.
The orc warrior is engulfed in blazing flames.
Flame seeps out of the orc warrior.
The orc warrior hits you with a +0 flail!
* * * LOW HITPOINT WARNING * * *
As you read the scroll of teleportation, it crumbles to dust.
You feel strangely unstable.
An orc comes into view. It is wielding a +0 short sword.
The orc wizard misses you.
The orc warrior is engulfed in blazing flames.
Qazlal accepts your kill.
The orc warrior explodes!
The fiery explosion engulfs the orc wizard!
The orc wizard is severely wounded.
The fiery explosion engulfs you! You resist.
* * * LOW HITPOINT WARNING * * *
The fiery explosion engulfs the orc wizard!
The orc wizard is heavily wounded.
Your Spellcasting skill increases to level 6!
The orc priest attacks as you move away!
The orc priest misses you.
The orc wizard attacks as you move away!
The orc wizard barely misses you.
The orc priest calls upon Beogh to heal the orc wizard.
The orc wizard is healed somewhat.
The orc wizard is engulfed in blazing flames.
You kill the orc wizard!
Qazlal accepts your kill.
The orc wizard is engulfed in blazing flames.
You kill the orc wizard!
Qazlal accepts your kill.
The orc priest invokes the aid of Beogh against you.
Beogh smites you!
You die...

#....#......# ...
#....'......# #..
##....#..##..# ##..#
#.....######'# #....
#.....+......# #....
#.....#......# ...
#.....#......#
######o###.....######'##
..o..o°§☼@...####......#
.....o§°))...+..#......#
......§§°○...#..#......#
.............#..#......#
.............#..#......#
.......#######..#).....#
....... ........#......#
....... ........#......#
........'......#


You could see 3 orc priests and an orc.

Vanquished Creatures
  A troll (D:7)
  Grinder (D:5)
  A hornet (D:8)
  A steam dragon (D:5)
  Duvessa (D:6)
  2 ice beasts (D:6)
  2 sky beasts (D:7)
  A black bear (D:3)
  2 orc warriors
  2 ogres (D:5)
  3 phantoms
  2 bullfrogs (D:6)
  A kobold brigand (D:7)
  A gnoll sergeant (D:6)
  A scorpion (D:6)
  9 wights
  Dowan (D:6)
  3 killer bees (D:7)
  8 hounds
  3 orc priests
  A jelly (D:6)
  Ijyb (D:3)
  4 iguanas
  8 orc wizards
  8 gnolls
  5 adders
  3 white imps
  An ufetubus (D:6)
  3 worms
  6 dart slugs
  26 orcs
  5 ball pythons
  5 endoplasms
  3 giant cockroaches
  10 goblins
  8 hobgoblins
  7 jackals
  16 kobolds
  6 quokkas
  5 bats
  A frilled lizard (D:3)
  5 rats
183 creatures vanquished.

Vanquished Creatures (others)
  A human (D:4)
1 creature vanquished.

Grand Total: 184 creatures vanquished

Notes
Turn   | Place    | Note
-------+----------+-------------------------------------------
     0 | D:1      | themarg the Gnoll Wanderer began the quest for the Orb.
     0 | D:1      | themarg set off with the following items: a +0 spear, a
                  | piece from Xom's chessboard (15/15), a potion of
                  | invisibility, a +0 robe; and the following spell memorised:
                  | Slow; and the following spells available to memorise:
                  | Portal Projectile, Anguish.
     0 | D:1      | Reached XP level 1. HP: 20/20 MP: 4/4
   149 | D:1      | Reached XP level 2. HP: 25/26 MP: 3/5
   744 | D:1      | Reached XP level 3. HP: 24/31 MP: 5/7
   917 | D:1      | Reached skill level 1 in Invocations
  1576 | D:2      | Found Gil Ytta's Armour Boutique.
  1594 | D:2      | Reached skill level 1 in Short Blades
  1594 | D:2      | Reached skill level 1 in Long Blades
  1594 | D:2      | Reached skill level 1 in Axes
  1594 | D:2      | Reached skill level 1 in Maces & Flails
  1594 | D:2      | Reached skill level 1 in Staves
  1594 | D:2      | Reached skill level 1 in Ranged Weapons
  1594 | D:2      | Reached skill level 1 in Throwing
  1594 | D:2      | Reached skill level 1 in Armour
  1594 | D:2      | Reached skill level 1 in Dodging
  1594 | D:2      | Reached skill level 1 in Stealth
  1594 | D:2      | Reached skill level 1 in Shields
  1594 | D:2      | Reached skill level 1 in Unarmed Combat
  1714 | D:2      | Identified the +5 mace of Starshine {drain, *Noise Will+
                  | Str+4}
  1769 | D:2      | Reached XP level 4. HP: 22/38 MP: 8/8
  1978 | D:2      | Found Plog's Distillery.
  1996 | D:2      | Found the +7 great mace "Firestarter" {inner flame, rF++}
  2076 | D:2      | Reached skill level 1 in Conjurations
  2076 | D:2      | Reached skill level 1 in Summonings
  2076 | D:2      | Reached skill level 1 in Necromancy
  2076 | D:2      | Reached skill level 1 in Translocations
  2076 | D:2      | Reached skill level 1 in Transmutations
  2076 | D:2      | Reached skill level 1 in Fire Magic
  2076 | D:2      | Reached skill level 1 in Ice Magic
  2076 | D:2      | Reached skill level 1 in Air Magic
  2076 | D:2      | Reached skill level 1 in Earth Magic
  2076 | D:2      | Reached skill level 1 in Poison Magic
  2256 | D:2      | Found a faded altar of an unknown god.
  2349 | D:2      | Found Cyshra's Assorted Antiques.
  3373 | D:3      | Found a stormy altar of Qazlal.
  3434 | D:3      | Identified the +8 trident of Umnigh {freeze, Str+5}
  3437 | D:3      | Became a worshipper of Qazlal Stormbringer
  3710 | D:3      | Noticed a black bear
  3718 | D:3      | Killed a black bear
  3719 | D:3      | Reached XP level 5. HP: 24/43 MP: 9/9
  4165 | D:3      | Noticed Ijyb
  4374 | D:3      | Killed Ijyb
  4375 | D:3      | Reached XP level 6. HP: 13/50 MP: 9/11
  4773 | D:4      | Reached skill level 5 in Fighting
  4773 | D:4      | Reached skill level 5 in Polearms
  5109 | D:4      | Found an ancient bone altar of Kikubaaqudgha.
  5115 | D:4      | Noticed a human
  5118 | D:4      | Killed a human
  5659 | D:5      | Entered Level 5 of the Dungeon
  5677 | D:5      | Noticed a steam dragon
  5889 | D:5      | Killed a steam dragon
  5890 | D:5      | Reached skill level 7 in Evocations
  5890 | D:5      | Reached XP level 7. HP: 31/56 MP: 12/12
  6138 | D:5      | Reached * piety under Qazlal
  6736 | D:5      | Found a runed translucent gate.
  6737 | D:5      | Found a runed translucent gate.
  6738 | D:5      | Found a runed translucent gate.
  6738 | D:5      | Found an opulent altar of Gozag.
  6739 | D:5      | Noticed a two-headed ogre
  6741 | D:5      | Noticed 0HN0ES's ghost (novice GnGl)
  6791 | D:5      | Reached XP level 8. HP: 46/63 MP: 14/14
  7723 | D:6      | Noticed Dowan
  7725 | D:6      | Noticed Duvessa
  7730 | D:6      | Killed Dowan
  7731 | D:6      | Killed Duvessa
  7938 | D:6      | Identified the +1 robe of the Modern Xeniums {rC- Str-5
                  | Int+9}
  7946 | D:6      | Reached skill level 5 in Hexes
  7983 | D:6      | Reached XP level 9. HP: 55/69 MP: 16/16
  8077 | D:6      | Reached skill level 5 in Spellcasting
  8161 | D:6      | Noticed Grinder
  8182 | D:6      | Paralysed by Grinder for 2 turns
  8190 | D:5      | Killed Grinder
  8737 | D:6      | Reached skill level 8 in Evocations
  9255 | D:7      | Reached ** piety under Qazlal
  9256 | D:7      | Reached skill level 5 in Invocations
  9759 | D:7      | Noticed a troll
  9763 | D:7      | Killed a troll
  9998 | D:7      | Found a staircase to the Ecumenical Temple.
 10490 | D:7      | Reached skill level 5 in Short Blades
 10490 | D:7      | Reached skill level 5 in Long Blades
 10490 | D:7      | Reached skill level 5 in Axes
 10490 | D:7      | Reached skill level 5 in Maces & Flails
 10490 | D:7      | Reached skill level 5 in Staves
 10490 | D:7      | Reached skill level 5 in Ranged Weapons
 10490 | D:7      | Reached skill level 5 in Throwing
 10490 | D:7      | Reached skill level 5 in Armour
 10490 | D:7      | Reached skill level 5 in Dodging
 10490 | D:7      | Reached skill level 5 in Stealth
 10490 | D:7      | Reached skill level 5 in Shields
 10490 | D:7      | Reached skill level 5 in Unarmed Combat
 10490 | D:7      | Reached XP level 10. HP: 46/77 MP: 18/18
 11173 | D:8      | Paralysed by a hornet for 1 turns
 11239 | D:8      | Killed from afar by an orc priest

Illustrated notes

Levels and vault maps discovered:
D:1:      co_arrival_random_square_maze, layout_loops_ring
D:2:      minmay_door_path, layout_basic, shapermc_ecumenical_altar_petra,
          serial_shops, nicolae_diamond_shop, nicolae_shop_advertising_works
          [nicolae_subvault_shop_adworks], nicolae_diamond_shop, wad_orctagon
D:3:      kennysheep_the_goblin_king, layout_basic, lemuel_tele_altar,
          minmay_fractal_squares_gapless_5, uniq_ijyb
D:4:      layout_basic, tgw_kikubaaqudgha, supply_closet_lemuel,
          hangedman_decor_peaks_small
D:5:      layout_basic, ebering_ghost_gozag, minmay_misc_feat_rugged
D:6:      layout_basic, uniq_duvessa, uniq_grinder
D:7:      layout_basic, minmay_temple_entry_mist
D:8:      layout_gridville, enter_bailey_3

Skill      XL: |  1  2  3  4  5  6  7  8  9 10 |
---------------+-------------------------------+-----
Invocations    | 1 2 3 4 5 |  5.7
Short Blades   | 1 2 3 5 |  5.2
Long Blades    | 1 2 3 5 |  5.2
Axes           | 1 2 3 5 |  5.2
Maces & Flails | 1 2 3 5 |  5.2
Staves         | 1 2 3 5 |  5.2
Ranged Weapons | 1 2 3 5 |  5.2
Throwing       | 1 2 3 5 |  5.2
Armour         | 1 2 3 5 |  5.2
Dodging        | 1 2 3 5 |  5.2
Stealth        | 1 2 3 5 |  5.2
Shields        | 1 2 3 5 |  5.2
Unarmed Combat | 1 2 3 5 |  5.2
Spellcasting   | 3 4 5 6 |  6.0
Conjurations   | 1 2 3 4 |  4.3
Summonings     | 1 2 3 4 |  4.3
Necromancy     | 1 2 3 4 |  4.3
Translocations | 1 2 3 4 |  4.3
Transmutations | 1 2 3 4 |  4.3
Fire Magic     | 1 2 3 4 |  4.3
Ice Magic      | 1 2 3 4 |  4.3
Air Magic      | 1 2 3 4 |  4.3
Earth Magic    | 1 2 3 4 |  4.3
Poison Magic   | 1 2 3 4 |  4.3
Hexes          | 4 5 |  5.8
Fighting       | 5 6 7 |  7.0
Polearms       | 5 6 7 |  7.0
Evocations     | 7 8 |  8.4

Action                   |  1- 3 |  4- 6 |  7- 9 | 10-12 || total
-------------------------+-------+-------+-------+-------++-------
Melee: Spear             |   165 |       |       |       ||   165
       Bite              |    17 |     5 |    14 |     1 ||    37
       Punch             |     3 |       |       |       ||     3
       Great mace        |       |    83 |   151 |    20 ||   254
       Mace              |       |     5 |       |       ||     5
 Cast: Slow              |    13 |       |       |       ||    13
  Use: Potion            |       |     1 |       |       ||     1
       Scroll            |       |     3 |     4 |     4 ||    11
 Stab: Sleeping          |       |     4 |     1 |       ||     5
Armor: Robe              |    18 |     8 |       |       ||    26
       Ring mail         |       |    14 |    76 |     7 ||    97
Dodge: Dodged            |    77 |    51 |   124 |    13 ||   265
Block: Other             |       |       |     9 |     3 ||    12
